 Dungeon Crawl Stone Soup version 0.31-a0-986-g5e6e4ef867 (webtiles) character file.

Game seed: 2667629858554321851

406101 Whiskey the Skinwalker (level 22, 0/249 HPs)
             Began as a Troll Shapeshifter on Nov 12, 2023.
             Was an Elder of Qazlal.
             Killed from afar by an acid blob (1 damage)
             ... with a splash of acid
             ... on level 5 of the Pits of Slime.
             The game lasted 02:33:26 (42497 turns).

Whiskey the Skinwalker (Troll Shapeshifter)        Turns: 42497, Time: 02:33:27

Health: 0/249      AC: 19    Str: 28 (30) XL:     22   Next: 37%
Magic:  2/31       EV: 14    Int: 13      God:    Qazlal [****..]
Gold:   6741       SH: 33    Dex:  8 (9)  Spells: 21/21 levels left

rFire   . .          .
                       - Unarmed
rCold   . . .        L - +4 tower shield {reflect}
rNeg    + . .        u - melded +0 fire dragon scales
rPois   ∞            W - +0 hat {Stlth+}
rElec   +            k - scarf of Quiescent Surprise {repulsion, rCorr}
rCorr   +            (gloves unavailable)
SInv    .            (boots unavailable)
Will    +....        c - amulet of reflection
Stlth   +            R - +5 ring of evasion
HPRegen 1.41/turn    d - ring of Hyemm {Fly rElec rC+ rCorr Int+5}
MPRegen 0.22/turn

%: repel missiles, reflection
@: statue-form, protected from physical damage, corroded, flying, hasted,
studying Spellcasting, unable to read, quick
A: slow and powerful, torment resistance 1, boosted hp, large, unfitting armour,
claws 3, regeneration 1, (shaggy fur 1), (tough skin 1), clumsy 1, deformed
body, deterioration 2, dopey 1, frail 1, screaming 2, cold vulnerability 1,
subdued magic 1, inability to read after injury 2, devolution 1
}: 2/15 runes: serpentine, barnacled
a: Begin Untransformation, Renounce Religion, Upheaval, Elemental Force


You were on level 5 of the Pits of Slime.
You worshipped Qazlal.
Qazlal was greatly pleased with you.
You were a living statue of rough stone.
You visited 9 branches of the dungeon, and saw 43 of its levels.
You visited the Abyss 3 times.
You also visited: Sewer and Ossuary.

You collected 6881 gold pieces.
You spent 140 gold pieces at shops.

Inventory:

Hand Weapons
 P - the +8 trident of the Lusting Gods {elec, Dex+3}
   (You found it on level 4 of the Depths)

   Dex+3:     It affects your dexterity (+3).
 S - the +8 morningstar of the New World {vamp, Str+3}
   (You found it on level 4 of the Depths)

   Str+3:     It affects your strength (+3).
Missiles
 v - 4 darts of dispersal {=f}
 H - 52 large rocks {!d}
 X - 6 throwing nets {=f, !d}
 Z - 14 curare-tipped darts
Armour
 k - the scarf of Quiescent Surprise (worn) {repulsion, rCorr}
   (You acquired it on level 12 of the Dungeon)

   rCorr:     It protects you from acid and corrosion.
 u - +0 fire dragon scales (melded)
   (You found it on level 1 of the Depths)
 L - a +4 tower shield of reflection (worn)
   (You took it off a naga warrior on level 3 of the Snake Pit)
 N - +0 gold dragon scales
   (You found it on level 3 of the Depths)
 O - +0 storm dragon scales
   (You found it on level 4 of the Depths)
 W - a +0 hat of stealth (worn)
   (You took it off Gastronok on level 9 of the Dungeon)
Magical Staves
 G - a staff of cold {rC+}
   (You found it on level 2 of the Depths)
Jewellery
 b - the ring "Omept" {rC++ Str+6}
   (You bought it in a shop on level 2 of the Orcish Mines)

   [ring of strength]

   Str+6:     It affects your strength (+6).
   rC++:      It greatly protects you from cold.
 c - an amulet of reflection (around neck)
   (You found it on level 2 of the Depths)
 d - the ring of Hyemm (right claw) {Fly rElec rC+ rCorr Int+5}
   (You took it off a deep elf sorcerer on level 3 of the Elven Halls)

   [ring of protection from cold]

   Int+5:     It affects your intelligence (+5).
   rC+:       It protects you from cold.
   rElec:     It insulates you from electricity.
   Fly:       It grants you flight.
   rCorr:     It protects you from acid and corrosion.
 x - the ring "Geolij" {rPois rN+ Int+4}
   (You found it on level 4 of the Shoals)

   [ring of positive energy]

   Int+4:     It affects your intelligence (+4).
   rPois:     It protects you from poison rN+: It protects you from negative
   energy.
 R - a +5 ring of evasion (left claw)
   (You found it on level 2 of the Shoals)
Talismans
 e - a granite talisman (active)
   (You found it on level 8 of the Dungeon)
 C - a blade talisman
   (You found it on level 2 of the Elven Halls)
 E - a talisman of death
   (You found it on level 1 of the Depths)
 T - a dragon-blood talisman
   (You found it on level 4 of the Shoals)
Wands
 f - a wand of digging (23)
   (You found it on level 2 of the Dungeon)
 A - a wand of acid (5)
   (You found it on level 1 of the Depths)
 F - a wand of flame (66)
   (You found it on level 1 of the Snake Pit)
 U - a wand of roots (27)
   (You found it on level 2 of the Lair of Beasts)
 V - a wand of mindburst (12)
   (You found it on level 9 of the Dungeon)
Scrolls
 a - 8 scrolls of amnesia
 g - 4 scrolls of fog
 h - 3 scrolls of teleportation
 j - a scroll of revelation
 m - 4 scrolls of brand weapon
 r - 3 scrolls of enchant armour
 w - a scroll of butterflies
 y - 6 scrolls of poison
 B - 21 scrolls of identify
 I - 6 scrolls of fear
 K - a scroll of torment {!r}
 M - 7 scrolls of enchant weapon
 Y - 3 scrolls of silence
Potions
 i - 4 potions of brilliance
 n - 3 potions of berserk rage {!q}
 o - 5 potions of attraction {!q}
 p - 3 potions of magic
 q - 5 potions of cancellation
 t - 3 potions of might
 D - 12 potions of curing
 J - 3 potions of invisibility
 Q - 8 potions of mutation {!q}


   Skills:
 + Level 11.8 Fighting
 - Level 4.1 Dodging
 - Level 17.6 Shields
 - Level 17.1 Unarmed Combat
 - Level 14.0 Invocations
 * Level 24.0 Shapeshifting


You had 21 spell levels left.
You didn't know any spells.
Your spell library contained the following spells:

 Spells                   Type           Power      Damage    Failure   Level
 Magic Dart               Conj           0%         1d3       45%         1
 Sandblast                Erth           0%         2d4       45%         1
 Summon Small Mammal      Summ           0%         N/A       45%         1
 Call Imp                 Summ           0%         N/A       58%         2
 Cigotuvi's Dreadful Rot  Necr/Pois/Air  0%         N/A       58%         2
 Ensorcelled Hibernation  Hex/Ice        0%         N/A       58%         2
 Jinxbite                 Hex            0%         N/A       58%         2
 Lesser Beckoning         Tloc           0%         N/A       58%         2
 Passwall                 Tmut/Erth      0%         N/A       58%         2
 Poisonous Vapours        Pois/Air       0%         N/A       58%         2
 Searing Ray              Conj           0%         2d4       58%         2
 Wereblood                Tmut           0%         N/A       58%         2
 Call Canine Familiar     Summ           0%         N/A       83%         3
 Dazzling Flash           Conj/Hex       0%         N/A       83%         3
 Frozen Ramparts          Ice            0%         1d1       83%         3
 Gell's Gravitas          Tloc           0%         N/A       83%         3
 Ignite Poison            Fire/Tmut/Pois 0%         N/A       83%         3
 Mephitic Cloud           Conj/Pois/Air  0%         N/A       83%         3
 Ozocubu's Armour         Ice            0%         N/A       83%         3
 Stone Arrow              Conj/Erth      0%         3d7       83%         3
 Summon Guardian Golem    Hex/Summ       0%         N/A       83%         3
 Swiftness                Air            0%         N/A       83%         3
 Teleport Other           Tloc           0%         N/A       83%         3
 Tukima's Dance           Hex            0%         N/A       83%         3
 Volatile Blastmotes      Fire/Tloc      0%         2d10      83%         3
 Anguish                  Hex/Necr       0%         N/A       99%         4
 Animate Dead             Necr           0%         N/A       99%         4
 Brom's Barrelling Bould  Conj/Erth      0%         2d3       99%         4
 Dispel Undead            Necr           0%         3d6       99%         4
 Fulminant Prism          Conj/Hex       0%         3d5       99%         4
 Olgreb's Toxic Radiance  Pois           0%         N/A       99%         4
 Passage of Golubria      Tloc           0%         N/A       99%         4
 Petrify                  Tmut/Erth      0%         N/A       99%         4
 Summon Ice Beast         Ice/Summ       0%         N/A       99%         4
 Summon Lightning Spire   Summ/Air       0%         N/A       99%         4
 Vhi's Electric Charge    Tloc/Air       0%         N/A       99%         4
 Arcjolt                  Conj/Air       0%         1d10      100%        5
 Borgnjor's Vile Clutch   Necr/Erth      0%         N/A       100%        5
 Freezing Cloud           Conj/Ice/Air   0%         6-21      100%        5
 Irradiate                Conj/Tmut      0%         3d11      100%        5
 Metabolic Englaciation   Hex/Ice        0%         N/A       100%        5
 Silence                  Hex/Air        0%         N/A       100%        5
 Summon Forest            Summ/Tloc      0%         N/A       100%        5
 Summon Mana Viper        Hex/Summ       0%         N/A       100%        5
 Death Channel            Necr           0%         N/A       100%        6
 Dispersal                Tloc           0%         N/A       100%        6
 Plasma Beam              Fire/Air       0%         2x1d10    100%        6
 Simulacrum               Ice/Necr       0%         N/A       100%        6
 Starburst                Conj/Fire      0%         6d3       100%        6
 Summon Cactus Giant      Summ           0%         N/A       100%        6
 Haunt                    Necr/Summ      0%         N/A       100%        7
 Monstrous Menagerie      Summ           0%         N/A       100%        7
 Orb of Destruction       Conj           0%         9d5       100%        7
 Ozocubu's Refrigeration  Ice            0%         4d7       100%        7
 Spellforged Servitor     Conj/Summ      0%         N/A       100%        7
 Discord                  Hex            0%         N/A       100%        8
 Ignition                 Fire           0%         3d3       100%        8
 Infestation              Necr           0%         N/A       100%        8
 Lehudib's Crystal Spear  Conj/Erth      0%         10d2      100%        8
 Maxwell's Capacitive Co  Air            0%         ∞         100%        8
 Summon Horrible Things   Summ           0%         N/A       100%        8
 Polar Vortex             Ice            0%         N/A       100%        9


Dungeon Overview and Level Annotations

Branches:
Dungeon (15/15)            Temple (1/1) D:5            Lair (5/5) D:11
 Shoals (4/4) Lair:2        Snake (4/4) Lair:3        Slime (5/5) Lair:5
    Orc (2/2) D:12            Elf (3/3) Orc:2        Vaults (0/5) D:13
 Depths (4/4) D:15            Zot (0/5) Depths:4      Sewer (visited)
Ossuary (visited)

Altars:
Ashenzari
Cheibriados
Dithmenos
Elyvilon
Fedhas
Gozag
Hepliaklqana
Kikubaaqudgha
Makhleb
Nemelex Xobeh
Okawaru
Qazlal
Ru
Sif Muna
Trog
Uskayaw
Vehumet
Wu Jian
Xom
Yredelemnul
Zin
The Shining One
Jiyva
Lugonu

Shops:
D:5 *   D:10 (*   Orc:1 [   Orc:2 ((***(*:   Elf:1 !   Shoals:2 :=*(
Snake:2 (:==   Depths:2 !

Portals:
Hell: Depths:1 Depths:2 Depths:3 Depths:4
Abyss: Depths:2 Depths:3
Pandemonium: Depths:2
Ziggurat: Depths:1
Trove: D:10 (give +5 fire dragon scales)

Annotations:
D:8 2 runed translucent doors


Innate Abilities, Weirdness & Mutations

You are a living statue of rough stone.
Your actions are slow, but your melee attacks are powerful.
You are resistant to unholy torment.
Your maximum health is greatly increased.
Your equipment is partially melded.
You are too large for most types of armour.
You are immune to poison.
You have claws for hands.
Your natural rate of healing is unusually fast.
((You are covered in fur. (AC +1)))
((You have tough skin. (AC +1)))
You are clumsy. (Dex -2)
Armour fits poorly on your strangely shaped body.
Your body often deteriorates upon taking damage.
You are dopey. (Int -2)
You are frail. (-10% HP)
You frequently scream uncontrollably at your foes.
You are vulnerable to cold. (rC-)
Your spells are a little easier to cast, but a little less powerful.
You sometimes lose the ability to read scrolls when taking damage.
You have hidden genetic defects.


Message History

* * * LOW HITPOINT WARNING * * *
You hold your ground!
The acid blob is engulfed in blazing flames.
The acid blob spits acid at you.
The splash of acid is repelled.
The slime creature hits you but does no damage.
You take 32 damage, and have 59/278 hp.
You now have 8/31 mp.
Activating: Disaster Area (1% risk of failure)
Press: ? - help, Dir - look around, f - activate Nature churns violently around you!
The blast of magma engulfs the shining eye!
You hear a sizzling sound!
You can no longer call upon nature's wrath in a wide area around you.
The slime creature is no longer encased in ice.
The acid blob spits acid at you.
The splash of acid hits you but does no damage.
The acid corrodes you! You block the rockslime's attack.
The acid blob is engulfed in blazing flames.
The acid blob hits you!!
* * * LOW HITPOINT WARNING * * *
You are splashed with acid.
You resist.
* * * LOW HITPOINT WARNING * * *
The slime creature is engulfed in blazing flames.
The slime creature hits you but does no damage.
The acid blob jiggles.
The acid blob spits acid at you.
The splash of acid is repelled.
The splash of acid hits the slime creature!!
The acid corrodes the slime creature!
The slime creature dies!
You block the rockslime's attack.
The slime creature is engulfed in a thunderstorm.
You kill the slime creature!
Qazlal accepts your kill.
You take 23 damage, and have 36/278 hp.
You now have 0/31 mp.
You feel much better.
You can read scrolls again.
The acid blob is engulfed in blazing flames.
The acid blob barely misses you. The acid blob spits acid at you.
The splash of acid misses you. You block the rockslime's attack.
The acid blob is engulfed in blazing flames.
You block the acid blob's attack. The acid blob hits you.
* * * LOW HITPOINT WARNING * * *
You are splashed with acid.
You resist.
* * * LOW HITPOINT WARNING * * *
You regained 21 hp, and now have 57/278 hp.
You eviscerate the acid blob!!!
You kill the acid blob!
Qazlal accepts your kill. You block the rockslime's attack.
The acid blob hits you!
* * * LOW HITPOINT WARNING * * *
You are splashed with acid.
You resist.
* * * LOW HITPOINT WARNING * * *
You block the slime creature's attack. The shining eye gazes at you.
Strange energies course through your body.
You feel stupid. The rockslime hits you!!
* * * LOW HITPOINT WARNING * * *
You hold your ground!
You take 36 damage, and have 21/278 hp.
You feel much better. The acid blob hits you!
* * * LOW HITPOINT WARNING * * *
You feel threatened and lose the ability to read scrolls!
You are splashed with acid.
You resist.
* * * LOW HITPOINT WARNING * * *
You block the slime creature's attack. You block the rockslime's attack.
The shining eye gazes at you.
Strange energies course through your body.
You feel frail. The acid blob barely misses you.
The rockslime hits you but does no damage.
The slime creature hits you.
* * * LOW HITPOINT WARNING * * *
You regained 10 hp, and now have 31/249 hp.
Okay, then.
You cannot read scrolls in your current state!
You feel yourself speed up. You block the acid blob's attack.
The rockslime hits you!!
* * * LOW HITPOINT WARNING * * *
Your body deteriorates!
You feel clumsy.
You hold your ground!
The slime creature closely misses you. The shining eye gazes at you.
Strange energies course through your body.
Your connection to magic feels subdued.
The acid blob closely misses you.
You take 28 damage, and have 3/249 hp.
Okay, then.
You cannot read scrolls in your current state!
Okay, then.
The rockslime attacks as it pursues you!
You block the rockslime's attack.
The rockslime attacks as it pursues you!
The rockslime hits you.
* * * LOW HITPOINT WARNING * * *
You are shoved backwards!
The acid blob spits acid at you. The splash of acid hits you. You resist.
You die...

##...........
#####..............
###..#................
#.#....................
##.......................
#.........≈..............
##...<................... #
#.............○☼○......##.#.
##............8J.°......#)(
#
#................G..#...[[:.
##............○JJ......# ))
###.###..............##.#
### #.#.....≈.§.......#..
####.................
#.............#...
#.............##.
#................[)$,


You could see an acid blob, a slime creature, a rockslime and a shining eye.

Vanquished Creatures
  the Royal Jelly (Slime:5)
  Mara (Shoals:4)
  Saint Roka (Orc:2)
  2 golden dragons (Depths:3)
  Jorgrun (Shoals:1)
  5 liches
  8 tentacled monstrosities
  A walking earthen tome (Depths:3)
  A deep elf blademaster (Elf:2)
  4 quicksilver dragons
  Asterion (D:15)
  A walking frostbound tome (Depths:3)
  2 deep elf master archers (Elf:3)
  A walking divine tome (Depths:3)
  3 tentacled starspawn
  A sphinx (Depths:4)
  21 acid blobs
  2 krakens
  Gastronok (D:9)
  2 storm dragons
  Agnes (Snake:4)
  4 tengu reavers
  4 draconian monks (Depths:4)
  3 fire giants
  6 shadow dragons
  Kirke (Shoals:3)
  2 nagarajas (Snake:4)
  16 rockslimes
  14 azure jellies
  8 deep elf sorcerers (Elf:3)
  An iron dragon (Depths:1)
  5 deep elf elementalists (Elf:3)
  11 frost giants
  Louise (Snake:2)
  A draconian shifter (Depths:4)
  2 spriggan defenders (Depths:2)
  8 very ugly things
  An orc warlord (Orc:1)
  7 stone giants
  3 draconian annihilators (Depths:4)
  12 quicksilver oozes
  11 formless jellyfish
  2 green draconians (Depths:4)
  Nessos (D:15)
  9 red draconians
  10 deep elf demonologists (Elf:3)
  3 vampire knights
  9 deep elf annihilators (Elf:3)
  5 black draconians (Depths:4)
  8 purple draconians (Depths:4)
  7 spark wasps
  8 white draconians
  A dire elephant (Lair:5)
  4 ettins
  4 deep elf death magi (Elf:3)
  9 merfolk impalers
  The ghost of Iceca the Martial Artist, a journeyman DsSh of Gozag (D:12)
  2 deep elf high priests (Elf:3)
  11 fire dragons
  3 salamander tyrants (Snake:4)
  6 merfolk javelineers
  A yaktaur captain (Depths:2)
  The ghost of Doj the Cleaver, a journeyman HOFi of Gozag (D:12)
  5 great orbs of eyes
  2 rakshasas (Depths:3)
  11 ice dragons
  8 hydras
  4 spriggan air magi
  5 ogre magi
  A spriggan skeleton (Abyss:5)
  Harold (D:9)
  6 centaur warriors
  4 merfolk aquamancers (Shoals:4)
  22 two-headed ogres
  6 merfolk avatars
  An alligator snapping turtle (Shoals:1)
  8 anacondas
  A death knight (D:15)
  4 boulder beetles
  23 dancing weapons
  4 catoblepae (Lair:5)
  5 deep troll earth magi
  17 naga warriors
  7 death yaks (Lair:5)
  6 deep troll shamans
  9 tengu warriors
  9 spriggan berserkers
  15 naga sharpshooters
  4 shock serpents
  5 thrashing horrors
  Urug (D:13)
  A vampire mage (Depths:1)
  6 hell knights (Depths:2)
  16 deep elf knights
  2 wretched stars
  3 spriggans (Depths:3)
  3 skysharks
  Sonja (D:11)
  A sixfirhy (Abyss:4)
  A fire crab (Lair:5)
  8 iron trolls
  4 glowing orange brains
  2 bog bodies (Shoals:2)
  A death drake (Depths:4)
  19 deep trolls
  7 sea snakes
  A shadow demon (Abyss:5)
  3 flayed ghosts
  2 naga ritualists
  3 phantasmal warriors
  A necromancer (Depths:2)
  20 deep elf zephyrmancers
  9 deep elf archers
  An orc sorcerer (Orc:1)
  9 harpies
  5 mana vipers
  7 shining eyes
  24 deep elf pyromancers
  A salamander (shapeshifter) (D:15)
  A will-o-the-wisp (Abyss:5)
  10 manticores
  7 salamanders
  An oklob plant (Orc:2)
  5 fauns
  7 cyclopes
  A worldbinder (Abyss:5)
  3 large abominations
  14 ugly things
  2 eyes of devastation
  29 black mambas
  2 merfolk sirens
  11 guardian serpents
  Maurice (Orc:1)
  9 water nymphs
  11 elephants
  A gargoyle (D:11)
  A torpor snail (Lair:5)
  14 naga magi
  10 cane toads
  Maggie (Lair:2)
  3 smoke demons (Abyss:5)
  A hellion (Abyss:5)
  A kobold demonologist (D:12)
  Jeremiah (D:6)
  3 rime drakes
  A yaktaur (shapeshifter) (D:14)
  4 yaktaurs (D:15)
  A minotaur zombie (D:14)
  2 unseen horrors
  A freezing wraith (D:14)
  5 komodo dragons
  A tengu conjurer (D:8)
  14 trolls
  A hydra zombie (D:14)
  A guardian mummy (D:10)
  9 wind drakes
  A hellwing (Abyss:4)
  23 merfolk
  A meliai (shapeshifter) (D:14)
  3 hornets (Depths:3)
  2 polar bears
  12 blink frogs
  2 meliai zombies (D:14)
  A raiju (Abyss:4)
  3 glass eyes
  7 dream sheep (Lair:3)
  12 snapping turtles
  A glass eye (shapeshifter) (D:13)
  Sigmund (D:3)
  A centaur simulacrum (D:14)
  12 air elementals
  73 slime creatures
  A shadow (D:10)
  3 hogs (Shoals:3)
  19 water elementals
  33 yaks
  A vampire (D:13)
  4 starcursed masses (Abyss:5)
  10 golden eyes
  4 vampire mosquitoes
  3 wyverns
  2 fire elementals
  5 basilisks
  3 steam dragons
  2 wraiths
  A neqoxec (Abyss:3)
  A chaos spawn (Abyss:4)
  A two-headed ogre zombie (D:14)
  2 wargs (Orc:1)
  35 nagas
  23 water moccasins
  6 ice beasts
  2 sky beasts (D:8)
  17 orc warriors
  A black bear (D:4)
  26 wolves
  25 ogres
  5 centaurs
  2 phantoms (D:6)
  2 kobold brigands
  3 elf zombies (Ossuary)
  4 earth elementals
  10 bullfrogs
  A gnoll sergeant (D:7)
  A scorpion (D:6)
  2 spriggan zombies (D:14)
  6 howler monkeys
  4 electric eels
  4 wolf zombies (D:14)
  3 lava snakes (Lair:1)
  4 jellies
  2 gnoll boudas (D:8)
  10 orc priests
  5 hounds
  A sleepcap (D:8)
  Jessica (D:3)
  4 iguanas
  18 orc wizards
  Terence (D:2)
  3 killer bee zombies (D:14)
  2 mummies (Ossuary)
  Robin (D:2)
  11 gnolls
  12 adders
  A shadow imp (D:8)
  2 adder zombies (Ossuary)
  5 worms
  76 orcs
  6 bats
  An endoplasm (D:1)
  9 giant cockroaches
  18 goblins
  3 hobgoblins
  2 jackals (D:2)
  10 quokkas
  6 ball pythons
  8 frilled lizards
  A goblin zombie (Ossuary)
  10 hobgoblin zombies (Ossuary)
  3 jackal zombies (Ossuary)
  18 kobolds
  7 kobold zombies (Ossuary)
  10 orc zombies (Ossuary)
  4 rats
  A rat zombie (Ossuary)
  2 starspawn tentacles
  3 tentacles
1545 creatures vanquished.

Vanquished Creatures (others)
  A fire giant (Depths:1)
  A ghost moth (Abyss:5)
  A rakshasa (Depths:3)
  3 deep elf knights
  2 deep elf zephyrmancers (Elf:1)
  A deep elf pyromancer (Elf:1)
  A tengu conjurer (D:15)
  2 slime creatures
  A shadow (D:10)
  An orc wizard (D:7)
  2 foxfires (Abyss:5)
  A lurking horror (Abyss:5)
  15 starspawn tentacles
  8 tentacles
40 creatures vanquished.

Grand Total: 1585 creatures vanquished

Notes
Turn   | Place    | Note
-------+----------+-------------------------------------------
     0 | D:1      | Whiskey the Troll Shapeshifter began the quest for the Orb.
     0 | D:1      | Reached XP level 1. HP: 18/18 MP: 0/0
   176 | D:1      | Reached skill level 1 in Fighting
   440 | D:2      | Reached XP level 2. HP: 27/27 MP: 1/1
   451 | D:2      | Noticed Robin
   473 | D:2      | Reached XP level 3. HP: 29/33 MP: 2/2
   480 | D:2      | Killed Robin
   797 | D:2      | Reached skill level 2 in Fighting
   797 | D:2      | Reached XP level 4. HP: 35/42 MP: 3/3
   850 | D:2      | Found a faded altar of an unknown god.
   884 | D:2      | Noticed Terence
   889 | D:2      | Killed Terence
   898 | D:2      | Reached skill level 4 in Unarmed Combat
  1101 | D:3      | Noticed Jessica
  1107 | D:3      | Killed Jessica
  1108 | D:3      | Reached skill level 4 in Shapeshifting
  1108 | D:3      | Reached XP level 5. HP: 50/50 MP: 4/4
  1372 | D:3      | Noticed Sigmund
  1378 | D:3      | Killed Sigmund
  1379 | D:3      | Reached skill level 5 in Shapeshifting
  1379 | D:3      | Reached XP level 6. HP: 43/58 MP: 5/5
  1457 | D:3      | You fall into a shaft and drop 2 floors!
  1457 | D:5      | Entered Level 5 of the Dungeon
  1501 | D:5      | Found a sand-covered staircase.
  1510 | D:5      | Found Vuqotwe's Assorted Antiques.
  1513 | Ossuary  | Entered an ossuary
  1585 | Ossuary  | Reached skill level 5 in Unarmed Combat
  1614 | Ossuary  | Reached XP level 7. HP: 44/66 MP: 6/6
  1650 | Ossuary  | Reached skill level 6 in Shapeshifting
  1773 | D:5      | Noticed a wyvern
  1780 | D:5      | Killed a wyvern
  1839 | D:5      | Found a staircase to the Ecumenical Temple.
  1848 | Temple   | Entered the Ecumenical Temple
  1899 | Temple   | Became a worshipper of Qazlal Stormbringer
  2019 | D:5      | Found a glowing drain.
  2036 | Sewer    | Entered a sewer
  2151 | Sewer    | Reached * piety under Qazlal
  2194 | Sewer    | Reached skill level 6 in Unarmed Combat
  2279 | Sewer    | Reached skill level 7 in Shapeshifting
  2279 | Sewer    | Reached XP level 8. HP: 65/74 MP: 7/7
  2292 | Sewer    | Identified the +3 war axe of Gosuq {speed, Int+7}
  4071 | D:6      | Noticed Jeremiah
  4103 | D:6      | HP: 15/67 [Jeremiah/divine providence (11)]
  4107 | D:7      | HP: 6/67 [orc/+0 hand axe (5)]
  4109 | D:7      | Reached skill level 8 in Shapeshifting
  4180 | D:6      | Killed Jeremiah
  4181 | D:6      | Reached skill level 7 in Unarmed Combat
  4354 | D:6      | Reached ** piety under Qazlal
  4489 | D:6      | Identified the +4 long sword of the Quiescent God {heavy,
                  | rElec}
  4557 | D:6      | Reached skill level 9 in Shapeshifting
  4557 | D:6      | Reached XP level 9. HP: 80/80 MP: 8/8
  5275 | D:7      | Reached skill level 10 in Shapeshifting
  5443 | D:7      | HP: 13/80 [orc priest/divine providence (13)]
  5444 | D:7      | HP: 1/80 [orc priest/divine providence (12)]
  5450 | D:7      | HP: 9/80 [orc warrior/boomerang (4)]
  5453 | D:7      | HP: 4/80 [orc warrior/boomerang (6)]
  5751 | D:8      | Identified the "Ronyser"
  6066 | D:8      | Reached skill level 11 in Shapeshifting
  6265 | D:8      | Reached *** piety under Qazlal
  6388 | D:8      | Found a large runed translucent door.
  6390 | D:8      | Found a large runed translucent door.
  6399 | D:8      | Noticed a tengu conjurer
  6408 | D:8      | Found a large runed translucent door.
  6408 | D:8      | Found a large runed translucent door.
  6490 | D:8      | Reached skill level 1 in Invocations
  6500 | D:8      | Noticed a cyclops
  6504 | D:8      | Reached XP level 10. HP: 88/88 MP: 9/9
  6517 | D:8      | Killed a cyclops
  6615 | D:8      | Reached skill level 2 in Invocations
  6793 | D:9      | Noticed a two-headed ogre
  6802 | D:8      | Reached skill level 8 in Unarmed Combat
  6856 | D:9      | Killed a two-headed ogre
  6857 | D:9      | Reached skill level 12 in Shapeshifting
  7001 | D:9      | Reached skill level 3 in Invocations
  7098 | D:9      | Noticed Gastronok
  7112 | D:9      | Killed Gastronok
  7221 | D:9      | Noticed Harold
  7230 | D:9      | Killed Harold
  7231 | D:9      | Reached skill level 4 in Invocations
  7555 | D:9      | Reached skill level 9 in Unarmed Combat
  7555 | D:9      | Reached XP level 11. HP: 94/94 MP: 13/13
  7883 | D:8      | Reached skill level 13 in Shapeshifting
  7954 | D:10     | Entered Level 10 of the Dungeon
  8011 | D:10     | Found Xuano's Serpentskin Sales.
  8146 | D:10     | Found a glowing golden altar of the Shining One.
  8147 | D:10     | Noticed a two-headed ogre
  8157 | D:10     | Killed a two-headed ogre
  8179 | D:10     | Found an iron altar of Okawaru.
  8179 | D:10     | Found a broken altar of Ashenzari.
  8180 | D:10     | Found a basalt altar of Yredelemnul.
  8207 | D:10     | Found a portal to a secret trove of treasure.
  8383 | D:10     | Found Hosabul's Antique Weapon Emporium.
  8704 | D:11     | Reached **** piety under Qazlal
  8810 | D:11     | Found a staircase to the Lair.
  8930 | D:11     | Noticed Sonja
  8931 | D:11     | Killed Sonja
  8932 | D:11     | Reached skill level 10 in Unarmed Combat
  8932 | D:11     | Reached skill level 14 in Shapeshifting
  8961 | D:11     | Noticed a two-headed ogre
  8970 | D:11     | Killed a two-headed ogre
  9179 | D:11     | Identified 2 scrolls of acquirement
  9206 | D:12     | Noticed a centaur warrior
  9222 | D:12     | Killed a centaur warrior
  9333 | D:12     | Reached skill level 3 in Fighting
  9508 | D:12     | Found a runed translucent gate.
  9510 | D:12     | Found a runed translucent gate.
  9510 | D:12     | Found a runed translucent gate.
  9512 | D:12     | Noticed Doj's ghost (journeyman HOFi)
  9512 | D:12     | Noticed Iceca's ghost (journeyman DsSh)
  9579 | D:12     | Noticed a soul eater
  9581 | D:12     | Reached skill level 5 in Invocations
  9594 | D:12     | Noticed a deep elf pyromancer
  9602 | D:12     | Killed a deep elf pyromancer
  9603 | D:12     | Reached XP level 12. HP: 105/105 MP: 14/14
  9677 | D:12     | Found a staircase to the Orcish Mines.
 10017 | Lair:1   | Entered Level 1 of the Lair of Beasts
 10081 | Lair:1   | Reached skill level 4 in Fighting
 10218 | Lair:1   | Reached skill level 15 in Shapeshifting
 10691 | Lair:1   | Reached skill level 6 in Invocations
 10989 | Lair:2   | Reached ***** piety under Qazlal
 11055 | Lair:2   | Found a sparkling altar of Nemelex Xobeh.
 11099 | Lair:2   | Found a staircase to the Shoals.
 11119 | Lair:2   | Noticed an eight-headed hydra
 11124 | Lair:2   | Killed a ten-headed hydra
 11125 | Lair:2   | Reached skill level 5 in Fighting
 11510 | Lair:2   | Noticed Maggie
 11527 | Lair:2   | Killed Maggie
 11765 | Lair:3   | Reached skill level 7 in Invocations
 11787 | Lair:3   | Reached skill level 16 in Shapeshifting
 11852 | Lair:3   | Reached XP level 13. HP: 118/118 MP: 17/17
 12033 | Lair:3   | Identified the +0 robe of Nihilism {Str-5 Int+2 Dex+3}
 12081 | Lair:3   | Found a staircase to the Snake Pit.
 12835 | Lair:4   | Reached skill level 6 in Fighting
 13262 | Lair:4   | Reached skill level 8 in Invocations
 13591 | Lair:5   | Entered Level 5 of the Lair of Beasts
 13591 | Lair:5   | Found a staircase to the Slime Pits.
 13591 | Lair:5   | Found a viscous altar of Jiyva.
 13724 | Lair:5   | Reached skill level 17 in Shapeshifting
 13926 | Lair:5   | Reached XP level 14. HP: 119/131 MP: 19/19
 13974 | Lair:5   | Reached skill level 7 in Fighting
 14090 | Lair:5   | Reached skill level 9 in Invocations
 14924 | D:12     | Killed Iceca's ghost
 14931 | D:12     | Killed Doj's ghost
 15017 | D:13     | Reached skill level 18 in Shapeshifting
 15627 | D:13     | Noticed Urug
 15631 | D:13     | Killed Urug
 15943 | D:13     | Found a gate to the Vaults.
 15951 | D:13     | Identified the +4 scimitar of Rurul {heavy, Dex+2}
 16566 | D:14     | Reached skill level 10 in Invocations
 16647 | D:14     | Found a basalt altar of Yredelemnul.
 17255 | D:15     | Entered Level 15 of the Dungeon
 17281 | D:15     | Reached skill level 19 in Shapeshifting
 17293 | D:15     | HP: 34/172 [phantasmal warrior[a death knight] (24)]
 17293 | D:15     | HP: 7/172 [freezing wraith[a death knight] (18)]
 17298 | D:15     | HP: 32/172 [phantasmal warrior[a death knight] (7)]
 17362 | D:15     | Noticed Nessos
 17376 | D:15     | Killed Nessos
 17566 | D:15     | Reached XP level 15. HP: 140/140 MP: 21/21
 17575 | D:15     | Found an opulent altar of Gozag.
 17644 | D:15     | Found an opulent altar of Gozag.
 17648 | D:15     | Found an opulent altar of Gozag.
 17660 | D:15     | Found an opulent altar of Gozag.
 17690 | D:15     | Paralysed by something for 4 turns
 18290 | D:15     | Found a staircase to the Depths.
 18291 | D:15     | Noticed a frost giant
 18292 | D:15     | Reached skill level 20 in Shapeshifting
 18299 | D:15     | Killed a frost giant
 18502 | Orc:1    | Entered Level 1 of the Orcish Mines
 18502 | Orc:1    | Noticed Maurice
 18516 | Orc:1    | Killed Maurice
 18685 | Orc:1    | Found Fatub's Armour Boutique.
 19025 | Orc:2    | Entered Level 2 of the Orcish Mines
 19025 | Orc:2    | Found Larewyke's Assorted Antiques.
 19025 | Orc:2    | Found a gate leading to a gauntlet.
 19043 | Orc:2    | Noticed Saint Roka
 19136 | Orc:1    | Reached skill level 11 in Unarmed Combat
 19498 | Orc:2    | Reached skill level 2 in Dodging
 19583 | Orc:2    | Killed Saint Roka
 19584 | Orc:2    | Reached skill level 8 in Fighting
 19631 | Orc:2    | Bought a vibrating gossamer ring for 140 gold pieces
 19631 | Orc:2    | Identified the ring "Omept" {rC++ Str+6} (You bought it in
                  | a shop on level 2 of the Orcish Mines)
 19720 | Orc:2    | Found Radigg's Assorted Antiques.
 19730 | Orc:2    | Found Tukuroiq's General Store.
 19731 | Orc:2    | Found a staircase to the Elven Halls.
 19763 | Orc:2    | Noticed a walking frostbound tome
 19765 | Orc:2    | Found Gesietwink's Book Emporium.
 19767 | Orc:2    | Noticed a walking frostbound tome
 19874 | Orc:2    | Found Cesten's Weapon Shop.
 19893 | Orc:2    | Found Loopp's Antique Weapon Shoppe.
 19903 | Orc:2    | Found Ydawaps's Assorted Antiques.
 19926 | Orc:2    | Found Esiypt's Weapon Boutique.
 20610 | Shoals:4 | Identified the of Ucaonka
 20610 | Crypt:3  | Identified the of Efuvo
 20610 | Depths:1 | Entered Level 1 of the Depths
 20610 | Depths:1 | Noticed Asterion
 20618 | D:15     | Reached skill level 1 in Shields
 20743 | D:15     | HP: 36/185 [Asterion/fireball (48)]
 20748 | D:15     | HP: 39/185 [Asterion/+0 spectral demon blade (20)]
 20795 | D:15     | Reached skill level 2 in Shields
 20888 | D:15     | Killed Asterion
 20974 | Depths:1 | Reached skill level 3 in Dodging
 21116 | Depths:1 | Reached skill level 3 in Shields
 21148 | Depths:1 | Reached XP level 16. HP: 153/153 MP: 22/22
 21187 | Depths:1 | HP: 45/198 [deep troll (12)]
 21211 | Depths:1 | HP: 47/198 [ice dragon (6)]
 21240 | Depths:1 | HP: 29/198 [stone giant (26)]
 21240 | Depths:1 | HP: 9/198 [iron troll (8)]
 21245 | Depths:1 | Reached skill level 4 in Shields
 21513 | Depths:1 | Found a stormy altar of Qazlal.
 21571 | Depths:1 | Found a one-way gateway to a ziggurat.
 21889 | Depths:1 | Reached skill level 4 in Dodging
 21892 | Depths:1 | Noticed a shadow dragon
 21896 | Depths:1 | Killed a shadow dragon
 21897 | Depths:1 | Reached skill level 5 in Shields
 22149 | Depths:1 | Found a gateway to Hell.
 22489 | D:12     | Acquired 629 gold pieces
 22491 | D:12     | Acquired the scarf of Quiescent Surprise {repulsion, rCorr}
 22600 | Snake:1  | Entered Level 1 of the Snake Pit
 22761 | Snake:1  | You are sucked into a shaft and drop 1 floor!
 22822 | Snake:1  | Identified the +3 orcbow of Jaduirhy {antimagic, Dex+3}
 22930 | Snake:1  | Reached skill level 9 in Fighting
 22972 | Snake:1  | Reached skill level 6 in Shields
 23571 | Snake:2  | Noticed Louise
 23578 | Abyss:3  | Cast into level 3 of the Abyss (Louise)
 23601 | Abyss:3  | Gained mutation: You are clumsy. (Dex -2) [a neqoxec]
 23651 | Abyss:4  | Reached skill level 7 in Shields
 23665 | Abyss:4  | Noticed a tentacled starspawn
 23674 | Abyss:4  | Killed a tentacled starspawn
 23682 | Abyss:4  | Noticed a tentacled starspawn
 23695 | Abyss:4  | Gained mutation: Armour fits poorly on your strangely
                  | shaped body. [a cacodemon]
 23696 | Abyss:4  | Killed a tentacled starspawn
 23709 | Abyss:5  | Found a corrupted altar of Lugonu.
 23714 | Abyss:5  | Noticed a tentacled starspawn
 23715 | Abyss:5  | Found a corrupted altar of Lugonu.
 23720 | Abyss:5  | Killed a tentacled starspawn
 23722 | Snake:2  | Escaped the Abyss
 23736 | Snake:2  | Killed Louise
 23737 | Snake:2  | Reached skill level 12 in Unarmed Combat
 23768 | Snake:2  | Reached skill level 8 in Shields
 24684 | Snake:2  | Found Tozis's Antique Weapon Boutique.
 24762 | Snake:2  | Found Etidd's Jewellery Shoppe.
 24764 | Snake:2  | Found Eni Igaff's Book Boutique.
 24765 | Snake:2  | Found Hyzxoat's Jewellery Shoppe.
 24876 | Snake:3  | Reached XP level 17. HP: 165/165 MP: 23/23
 24943 | Snake:3  | Identified the ring "Larghizuf" {Contam rPois rCorr MP+9
                  | Int+7}
 25251 | Snake:3  | Reached skill level 9 in Shields
 25258 | Snake:3  | Reached skill level 10 in Fighting
 25639 | Snake:4  | Entered Level 4 of the Snake Pit
 25690 | Snake:4  | Noticed Agnes
 25697 | Snake:4  | Killed Agnes
 25707 | Snake:4  | Reached skill level 10 in Shields
 25715 | Snake:4  | Noticed a quicksilver dragon
 25724 | Snake:4  | Killed a quicksilver dragon
 25724 | Snake:4  | HP: 52/215 [salamander tyrant (23)]
 25725 | Snake:4  | Reached skill level 13 in Unarmed Combat
 26116 | Snake:4  | Reached skill level 11 in Shields
 26273 | Snake:4  | Got a serpentine rune of Zot
 26660 | Shoals:1 | Entered Level 1 of the Shoals
 26727 | Shoals:1 | Noticed Jorgrun
 26733 | Shoals:1 | Killed Jorgrun
 27437 | Shoals:2 | Found Ofreokh's Book Shop.
 27544 | Shoals:2 | Noticed a kraken
 27550 | Shoals:2 | Killed a kraken
 27583 | Shoals:2 | Identified the +1 mace of Sicesm {spect, rC+}
 27622 | Shoals:2 | Reached ****** piety under Qazlal
 27756 | Shoals:2 | Found Oless's Jewellery Shoppe.
 27812 | Shoals:2 | Found Toecs's General Store.
 27828 | Shoals:2 | Reached skill level 12 in Shields
 27883 | Shoals:2 | Found Esueq's Jewellery Emporium.
 27949 | Shoals:2 | You are sucked into a shaft and drop 1 floor!
 27962 | Shoals:3 | Reached XP level 18. HP: 174/174 MP: 24/24
 28161 | Shoals:2 | Found Laasy's Weapon Emporium.
 28422 | Shoals:3 | Noticed Kirke
 28444 | Shoals:3 | Killed Kirke
 28449 | Shoals:3 | Reached skill level 14 in Unarmed Combat
 28573 | Shoals:3 | Identified the +1 plate armour of Impermeability {Harm
                  | *Slow rCorr}
 29139 | Shoals:4 | Entered Level 4 of the Shoals
 29169 | Shoals:4 | Paralysed by an air elemental for 1 turns
 29171 | Shoals:4 | Reached skill level 11 in Invocations
 29174 | Shoals:4 | Paralysed by an air elemental for 1 turns
 29228 | Shoals:4 | Noticed Mara
 29229 | Shoals:4 | Noticed Whiskey's illusion
 29249 | Shoals:4 | Noticed Whiskey's illusion
 29349 | Shoals:4 | Noticed Whiskey's illusion
 29365 | Shoals:4 | Killed Mara
 29366 | Shoals:4 | Reached skill level 13 in Shields
 29463 | Shoals:4 | Identified the ring "Geolij" {rPois rN+ Int+4}
 29543 | Shoals:4 | Got a barnacled rune of Zot
 29557 | Shoals:4 | Paralysed by an air elemental for 1 turns
 29562 | Shoals:4 | Paralysed by an air elemental for 1 turns
 29967 | Shoals:4 | Paralysed by an air elemental for 1 turns
 29970 | Shoals:4 | Paralysed by an air elemental for 1 turns
 29975 | Shoals:4 | Paralysed by an air elemental for 1 turns
 30360 | Elf:1    | Entered Level 1 of the Elven Halls
 30636 | Elf:1    | Reached skill level 14 in Shields
 31009 | Elf:1    | Found Tegg's Distillery.
 31464 | Elf:2    | Reached skill level 15 in Unarmed Combat
 31544 | Elf:2    | Reached skill level 12 in Invocations
 31928 | Elf:2    | Found a runed translucent gate.
 31928 | Elf:2    | Found a runed translucent gate.
 31928 | Elf:2    | Found a runed translucent gate.
 31933 | Elf:2    | Reached XP level 19. HP: 182/182 MP: 27/27
 31999 | Elf:3    | Identified the "Maschaofe"
 31999 | Elf:3    | Identified the "Pakathri"
 31999 | Elf:3    | Entered Level 3 of the Elven Halls
 32371 | Elf:3    | Noticed a Tzitzimitl
 32384 | Elf:3    | HP: 53/232 [???[a deep elf demonologist] (14)]
 32524 | Abyss:5  | Cast into level 5 of the Abyss (a deep elf sorcerer)
 32535 | Elf:3    | Escaped the Abyss
 32665 | Elf:3    | Reached skill level 15 in Shields
 32974 | Elf:3    | HP: 43/236 [deep elf elementalist/Lee's Rapid
                  | Deconstruction (50)]
 32975 | Elf:3    | HP: 14/236 [deep elf elementalist/Lee's Rapid
                  | Deconstruction (31)]
 33123 | Elf:3    | Identified the ring of Hyemm {Fly rElec rC+ rCorr Int+5}
 33160 | Abyss:5  | Cast into level 5 of the Abyss (a deep elf demonologist)
 33227 | Abyss:5  | Reached skill level 13 in Invocations
 33237 | Abyss:5  | Reached skill level 16 in Unarmed Combat
 33251 | Abyss:5  | HP: 58/236 [starcursed mass/accursed screaming[a shadow
                  | demon] (8)]
 33271 | Elf:3    | Escaped the Abyss
 33354 | Elf:3    | Noticed a Tzitzimitl
 33364 | Elf:3    | HP: 56/236 [deep elf elementalist/Lee's Rapid
                  | Deconstruction (41)]
 33575 | Elf:3    | Identified the ring of Altruism {rElec rPois rF+ Str-5
                  | Stlth+}
 33601 | Elf:3    | Identified the +4 sling of the Onslaught {speed, rElec
                  | Dex+3}
 33653 | Elf:3    | Identified the staff "Wesemnuk" {rElec rF- Int+3 Earth
                  | Poison}
 35117 | Depths:2 | Found a one-way gate leading to the halls of Pandemonium.
 35164 | Depths:2 | Found a corrupted altar of Lugonu.
 35167 | Depths:2 | Found a one-way gate to the infinite horrors of the Abyss.
 35202 | Depths:2 | Reached XP level 20. HP: 170/191 MP: 29/29
 35210 | Depths:2 | Reached skill level 17 in Unarmed Combat
 35332 | Depths:2 | Found Ettien's Distillery.
 35502 | Depths:2 | Found a sparkling altar of Nemelex Xobeh.
 35587 | Depths:2 | Reached skill level 14 in Invocations
 35791 | Depths:2 | Reached skill level 21 in Shapeshifting
 36290 | Depths:2 | HP: 47/249 [spriggan berserker/+2 antimagic war axe (21)]
 36823 | Depths:3 | Noticed a golden dragon
 36834 | Depths:3 | Killed a golden dragon
 36852 | Depths:3 | HP: 58/234 [frost giant/bolt of cold (9)]
 37018 | Depths:3 | Paralysed by a vampire knight for 3 turns
 37040 | Depths:3 | Reached skill level 16 in Shields
 37065 | Depths:3 | Reached skill level 11 in Fighting
 37280 | Depths:3 | Noticed a golden dragon
 37287 | Depths:3 | Killed a golden dragon
 37503 | Depths:4 | Entered Level 4 of the Depths
 37503 | Depths:4 | Found a shimmering blue altar of Sif Muna.
 37534 | Depths:4 | Reached XP level 21. HP: 91/202 MP: 21/30
 37837 | Depths:4 | Reached skill level 22 in Shapeshifting
 37978 | Depths:4 | HP: 50/265 [yellow draconian annihilator/crystal spear
                  | (37)]
 37979 | Depths:4 | HP: 13/265 [green draconian monk (19)]
 38162 | Depths:4 | HP: 55/265 [fire dragon/blast of flame (41)]
 38187 | Depths:4 | HP: 60/265 [purple draconian shifter/bolt of dispelling
                  | energy (20)]
 38490 | Depths:4 | Found a gate to the Realm of Zot.
 38884 | Depths:4 | Identified the +8 trident of the Lusting Gods {elec, Dex+3}
 38914 | Depths:4 | Identified the +8 morningstar of the New World {vamp,
                  | Str+3}
 38916 | Depths:4 | Identified the +8 arbalest "Tedghekun" {speed, Fly rPois
                  | rF+}
 39371 | Zot:1    | Identified the "Sanerof"
 39371 | Zot:2    | Identified the "Uphiz Kole"
 39371 | Slime:1  | Entered Level 1 of the Pits of Slime
 39579 | Slime:1  | Reached skill level 17 in Shields
 39619 | Slime:1  | Reached skill level 23 in Shapeshifting
 39818 | Slime:2  | Gained mutation: Your body sometimes deteriorates upon
                  | taking damage. [a shining eye]
 39822 | Slime:2  | Gained mutation: You occasionally lose the ability to read
                  | scrolls when taking damage. [a shining eye]
 39823 | Slime:2  | Gained mutation: You occasionally shout uncontrollably at
                  | your foes. [a shining eye]
 41065 | Slime:1  | Reached XP level 22. HP: 193/211 MP: 31/31
 41140 | Slime:3  | Gained mutation: Your body often deteriorates upon taking
                  | damage. [a shining eye]
 41141 | Slime:3  | Gained mutation: You frequently scream uncontrollably at
                  | your foes. [a shining eye]
 41353 | Slime:3  | HP: 57/274 [rockslime (23)]
 41890 | Slime:5  | Entered Level 5 of the Pits of Slime
 41895 | Slime:5  | Gained mutation: You sometimes lose the ability to read
                  | scrolls when taking damage. [a shining eye]
 41897 | Slime:5  | Gained mutation: You are vulnerable to cold. (rC-) [a
                  | shining eye]
 41903 | Slime:5  | Noticed the Royal Jelly
 41978 | Slime:5  | Gained mutation: You have hidden genetic defects. [a
                  | shining eye]
 42135 | Slime:4  | HP: 68/276 [azure jelly[the Royal Jelly] (8)]
 42135 | Slime:4  | HP: 26/276 [azure jelly[the Royal Jelly] (42)]
 42341 | Slime:5  | Killed the Royal Jelly
 42483 | Slime:5  | Reached skill level 24 in Shapeshifting
 42490 | Slime:5  | HP: 59/278 [rockslime (30)]
 42493 | Slime:5  | Gained mutation: You are dopey. (Int -2) [a shining eye]
 42493 | Slime:5  | HP: 21/278 [rockslime (22)]
 42494 | Slime:5  | Gained mutation: You are frail. (-10% HP) [a shining eye]
 42495 | Slime:5  | HP: 3/249 [rockslime (31)]
 42495 | Slime:5  | Gained mutation: Your spells are a little easier to cast,
                  | but a little less powerful. [a shining eye]
 42497 | Slime:5  | HP: 1/249 [rockslime (4)]
 42497 | Slime:5  | Killed from afar by an acid blob

Illustrated notes

Levels and vault maps discovered:
D:1:      psy_arrival_statuary, layout_basic
D:2:      layout_loops_ring, basic_ecumenical_altar, kennysheep_generic_room_16,
          uniq_robin, uniq_terence
D:3:      wad_pebble_path, layout_loops_ring, roderic_lattice_a, uniq_sigmund,
          uniq_jessica
D:4:      layout_loops_ring, kennysheep_generic_room_14
D:5:      layout_rooms, temple_statues, nicolae_ossuary_entry_monument,
          serial_shops, shop, gup_sewer_entry_pipe
D:6:      layout_basic, minmay_hedge_maze, uniq_jeremiah
D:7:      layout_cave_pods
D:8:      layout_gridville, minmay_hollow_rounded_squares
D:9:      layout_roguey [special_room_orc], uniq_harold, uniq_gastronok
D:10:     layout_basic, grunt_temple_overflow_open, serial_shops, shop,
          nicolae_trove_entry_path_of_doom, guppyfry_shop_venom
D:11:     layout_roguey, hellmonk_lair_entry_icy, uniq_sonja
D:12:     layout_loops_ring, orc_0_dummy, gammafunk_ghost_cemetery, drop_trap
D:13:     layout_layer_cave, david_vaults_4, uniq_urug
D:14:     layout_basic, amcnicky_mini_rare_corridor_liquid,
          roadster_capsule_ark_zombie
D:15:     grunt_enter_depths_snipers, layout_basic,
          nicolae_gozag_conspicuous_consumption, uniq_nessos
Temple:   dpeg_five_rooms_temple
Lair:1:   layout_concentric_octagons, nicolae_lair_liquid_snakes
Lair:2:   layout_gridlike, shoals_dummy_entry, basic_altar, grunt_megastairs_3,
          uniq_maggie
Lair:3:   layout_roguey, minmay_snake_entry_spellcaster, beast_lair_carwin_11
Lair:4:   layout_cave_pods
Lair:5:   evilmike_catoblepas_cave, layout_cave_shapes, slime_entry_1,
          minmay_shattered_shrine
Shoals:1: nicolae_shoals_island_circles, layout_shoals, uniq_jorgrun
Shoals:2: layout_shoals, serial_shops, nicolae_shop_statue_plus,
          nicolae_shop_gaudy_bauble, nicolae_shop_crystal,
          nicolae_shop_hallway_plus, nicolae_shop_crystal,
          nicolae_shoals_secluded_bog
Shoals:3: layout_shoals, uniq_kirke
Shoals:4: shoals_end_hellmonk_storm_palace [storm_palace_center_ruins,
          storm_palace_corner_blocked, storm_palace_corner_pillars,
          storm_palace_corner_grid, storm_palace_corner_pillars], uniq_mara
Snake:1:  layout_grid_maze
Snake:2:  layout_layer_cave, serial_shops, shop, minmay_shop_grove, uniq_louise
Snake:3:  layout_gridlike
Snake:4:  hellmonk_snake_rune_quicksilver_temple, layout_rooms,
          portal_ice_cave_entry_dragon, serial_bayou_crossing, uniq_agnes
Slime:1:  layout_caves
Slime:2:  layout_caves, cheibrodos_slime_lost_civilization_7
Slime:3:  layout_caves
Slime:4:  layout_caves
Slime:5:  slime_pit_nicolae_amoeboid
Orc:1:    layout_caves, serial_shops, nicolae_shop_back_alley_shop, uniq_maurice
Orc:2:    st_orc_open, layout_caves, gauntlet_entry_generic, serial_shops, shop,
          nicolae_shop_statue_plus, nicolae_shop_mannequins, shop,
          mines3_lemuel, uniq_saint_roka
Elf:1:    eino_elf_arrival_shootout, layout_loops_corners, serial_shops, shop,
          drop_trap, grunt_megastairs_4
Elf:2:    nicolae_elf_blades_splatter_lattice [mumra_blade_entry_bloodbath],
          layout_onion_city
Elf:3:    minmay_elf_hall_hex, layout_geoelf_castle, lemuel_flame_loot_1
Depths:1: layout_gridville, enter_ziggurat_e, grunt_hell_entry_dis_mu,
          nicolae_qazlal_general_emergency, uniq_asterion
Depths:2: minmay_the_grid_net [minmay_the_grid_small_cups,
          minmay_the_grid_armoury, minmay_the_grid_tree,
          minmay_the_grid_large_cup, minmay_the_grid_plusring,
          minmay_the_grid_prize_four_corners], layout_basic, serial_shops,
          nicolae_shop_stone, abyss_entry_flame_altar, pan_entry,
          grunt_metal_band, nemelex_diamond_rough_becter
Depths:3: evilmike_diamond_1, layout_cave_pools, abyss_entry,
          pf_hell_entry_tar_spiral, nicolae_the_louvre
Depths:4: lemuel_castle_with_subvaults [lemuel_castle_interior_original],
          layout_cross, hell_entry, basic_altar

Skill      XL: |  1  2  3  4  5  6  7  8  9 10 11 12 13 14 15 16 17 18 19 20 21 22 |
---------------+-------------------------------------------------------------------+-----
Fighting       | 1 2 3 5 6 7 8 9 10 11 | 11.8
Unarmed Combat | 4 5 6 7 9 10 11 12 13 15 16 17 | 17.1
Shapeshifting  | 4 5 7 9 11 12 14 16 17 19 20 21 23 24 | 24.0
Invocations    | 1 4 5 7 8 10 12 13 14 | 14.0
Dodging        | 3 4 |  4.1
Shields        | 3 8 12 14 15 16 17 | 17.6

Action                     |  1- 3 |  4- 6 |  7- 9 | 10-12 | 13-15 | 16-18 | 19-21 | 22-24 || total
---------------------------+-------+-------+-------+-------+-------+-------+-------+-------++-------
  Melee: Unarmed           |    67 |   125 |   350 |   501 |   724 |  1051 |  1076 |   137 ||  4031
         Punch             |     1 |     1 |     4 |     7 |    43 |     2 |       |       ||    58
         Constrict         |       |       |     5 |    44 |       |       |       |       ||    49
         Bite              |       |       |       |       |       |     4 |       |       ||     4
         Tailslap          |       |       |       |       |       |     1 |       |       ||     1
 Invoke: Upheaval          |       |       |       |    10 |    16 |     7 |       |       ||    33
         Disaster Area     |       |       |       |       |     3 |     1 |     3 |     7 ||    14
Ability: Breathe Fire      |       |       |       |       |       |     1 |       |       ||     1
  Evoke: Wand              |       |       |       |       |     3 |     3 |       |       ||     6
    Use: Potion            |       |       |     3 |       |     5 |     5 |    11 |     4 ||    28
         Scroll            |       |       |       |    12 |    13 |    20 |     9 |     1 ||    55
   Stab: Sleeping          |       |       |     1 |       |       |       |       |       ||     1
 Armour: Animal skin       |    48 |    41 |       |       |       |       |       |       ||    89
         Robe              |       |    49 |   232 |       |       |       |       |       ||   281
         Skin              |       |       |     8 |   539 |  1278 |  1108 |  1190 |   343 ||  4466
  Dodge: Dodged            |    18 |    54 |   129 |   247 |   586 |   683 |   508 |   138 ||  2363
         Repelled          |       |       |       |     3 |     7 |    53 |    30 |     9 ||   102
  Block: Other             |       |       |    21 |   125 |   257 |    14 |       |       ||   417
         Kite shield       |       |       |       |       |   181 |   293 |       |       ||   474
         Tower shield      |       |       |       |       |       |  1312 |  1895 |   440 ||  3647
         Reflection        |       |       |       |       |       |    85 |    53 |     9 ||   147
   Form: Anaconda          |       |       |     1 |       |       |       |       |       ||     1
         Statue            |       |       |       |     1 |       |     2 |       |       ||     3
         Death             |       |       |       |       |       |     2 |       |       ||     2
         Dragon            |       |       |       |       |       |     1 |       |       ||     1

Table legend: (Time is in decaauts)
 A = Elapsed time spent in this place.
 B = Non-inter-level travel time spent in this place.
 C = Inter-level travel time spent in this place.
 D = Time resting spent in this place.
 E = Time spent auto-exploring this place.
 F = Levels seen in this place.
 G = Mean time per level.
                   A        B        C        D        E       F      G
               +--------+--------+--------+--------+--------+-----+--------+
         Total |  58394 |  53453 |   4941 |   4586 |  37273 |  50 | 1167.9 |
       Dungeon |  17076 |  14608 |   2468 |    744 |  11097 |  15 | 1138.4 |
        Temple |    100 |      3 |     97 |      0 |      0 |   1 |  100.0 |
          Lair |   7418 |   6842 |    576 |      0 |   5859 |   5 | 1483.6 |
        Shoals |   5162 |   5008 |    154 |    183 |   3683 |   4 | 1290.5 |
     Snake Pit |   5751 |   5431 |    320 |    165 |   4039 |   4 | 1437.8 |
    Slime Pits |   4598 |   4395 |    203 |   1103 |   2337 |   5 |  919.6 |
  Orcish Mines |   2558 |   2168 |    390 |    394 |   1290 |   2 | 1279.0 |
   Elven Halls |   6528 |   6197 |    331 |    965 |   3796 |   3 | 2176.0 |
        Depths |   8129 |   7730 |    399 |   1029 |   4806 |   4 | 2032.2 |
         Abyss |    364 |    364 |      0 |      0 |      0 |   5 |   72.8 |
         Sewer |    458 |    458 |      0 |      0 |    258 |   1 |  458.0 |
       Ossuary |    246 |    246 |      0 |      0 |    106 |   1 |  246.0 |
               +--------+--------+--------+--------+--------+-----+--------+

Top non-repeatable levels by time:
   Elf:3: 3185 daAuts
    D:15: 2821 daAuts
    D:13: 2467 daAuts
Depths:3: 2244 daAuts
Depths:1: 2145 daAuts
 Snake:2: 2038 daAuts
Depths:2: 1871 daAuts
Depths:4: 1868 daAuts
   Elf:2: 1780 daAuts
    D:12: 1780 daAuts
  Lair:5: 1765 daAuts
  Lair:4: 1570 daAuts
   Elf:1: 1563 daAuts
  Lair:2: 1417 daAuts
    D:14: 1413 daAuts

Levels and vault maps discovered:
D:1:      psy_arrival_statuary, layout_basic
D:2:      layout_loops_ring, basic_ecumenical_altar, kennysheep_generic_room_16,
          uniq_robin, uniq_terence
D:3:      wad_pebble_path, layout_loops_ring, roderic_lattice_a, uniq_sigmund,
          uniq_jessica
D:4:      layout_loops_ring, kennysheep_generic_room_14
D:5:      layout_rooms, temple_statues, nicolae_ossuary_entry_monument,
          serial_shops, shop, gup_sewer_entry_pipe
D:6:      layout_basic, minmay_hedge_maze, uniq_jeremiah
D:7:      layout_cave_pods
D:8:      layout_gridville, minmay_hollow_rounded_squares
D:9:      layout_roguey [special_room_orc], uniq_harold, uniq_gastronok
D:10:     layout_basic, grunt_temple_overflow_open, serial_shops, shop,
          nicolae_trove_entry_path_of_doom, guppyfry_shop_venom
D:11:     layout_roguey, hellmonk_lair_entry_icy, uniq_sonja
D:12:     layout_loops_ring, orc_0_dummy, gammafunk_ghost_cemetery, drop_trap
D:13:     layout_layer_cave, david_vaults_4, uniq_urug
D:14:     layout_basic, amcnicky_mini_rare_corridor_liquid,
          roadster_capsule_ark_zombie
D:15:     grunt_enter_depths_snipers, layout_basic,
          nicolae_gozag_conspicuous_consumption, uniq_nessos
Temple:   dpeg_five_rooms_temple
Lair:1:   layout_concentric_octagons, nicolae_lair_liquid_snakes
Lair:2:   layout_gridlike, shoals_dummy_entry, basic_altar, grunt_megastairs_3,
          uniq_maggie
Lair:3:   layout_roguey, minmay_snake_entry_spellcaster, beast_lair_carwin_11
Lair:4:   layout_cave_pods
Lair:5:   evilmike_catoblepas_cave, layout_cave_shapes, slime_entry_1,
          minmay_shattered_shrine
Shoals:1: nicolae_shoals_island_circles, layout_shoals, uniq_jorgrun
Shoals:2: layout_shoals, serial_shops, nicolae_shop_statue_plus,
          nicolae_shop_gaudy_bauble, nicolae_shop_crystal,
          nicolae_shop_hallway_plus, nicolae_shop_crystal,
          nicolae_shoals_secluded_bog
Shoals:3: layout_shoals, uniq_kirke
Shoals:4: shoals_end_hellmonk_storm_palace [storm_palace_center_ruins,
          storm_palace_corner_blocked, storm_palace_corner_pillars,
          storm_palace_corner_grid, storm_palace_corner_pillars], uniq_mara
Snake:1:  layout_grid_maze
Snake:2:  layout_layer_cave, serial_shops, shop, minmay_shop_grove, uniq_louise
Snake:3:  layout_gridlike
Snake:4:  hellmonk_snake_rune_quicksilver_temple, layout_rooms,
          portal_ice_cave_entry_dragon, serial_bayou_crossing, uniq_agnes
Slime:1:  layout_caves
Slime:2:  layout_caves, cheibrodos_slime_lost_civilization_7
Slime:3:  layout_caves
Slime:4:  layout_caves
Slime:5:  slime_pit_nicolae_amoeboid
Orc:1:    layout_caves, serial_shops, nicolae_shop_back_alley_shop, uniq_maurice
Orc:2:    st_orc_open, layout_caves, gauntlet_entry_generic, serial_shops, shop,
          nicolae_shop_statue_plus, nicolae_shop_mannequins, shop,
          mines3_lemuel, uniq_saint_roka
Elf:1:    eino_elf_arrival_shootout, layout_loops_corners, serial_shops, shop,
          drop_trap, grunt_megastairs_4
Elf:2:    nicolae_elf_blades_splatter_lattice [mumra_blade_entry_bloodbath],
          layout_onion_city
Elf:3:    minmay_elf_hall_hex, layout_geoelf_castle, lemuel_flame_loot_1
Depths:1: layout_gridville, enter_ziggurat_e, grunt_hell_entry_dis_mu,
          nicolae_qazlal_general_emergency, uniq_asterion
Depths:2: minmay_the_grid_net [minmay_the_grid_small_cups,
          minmay_the_grid_armoury, minmay_the_grid_tree,
          minmay_the_grid_large_cup, minmay_the_grid_plusring,
          minmay_the_grid_prize_four_corners], layout_basic, serial_shops,
          nicolae_shop_stone, abyss_entry_flame_altar, pan_entry,
          grunt_metal_band, nemelex_diamond_rough_becter
Depths:3: evilmike_diamond_1, layout_cave_pools, abyss_entry,
          pf_hell_entry_tar_spiral, nicolae_the_louvre
Depths:4: lemuel_castle_with_subvaults [lemuel_castle_interior_original],
          layout_cross, hell_entry, basic_altar

Table legend: (Time is in decaauts)
 A = Elapsed time spent in this place.
 B = Non-inter-level travel time spent in this place.
 C = Inter-level travel time spent in this place.
 D = Time resting spent in this place.
 E = Time spent auto-exploring this place.
 F = Levels seen in this place.
 G = Mean time per level.
                   A        B        C        D        E       F      G
               +--------+--------+--------+--------+--------+-----+--------+
         Total |  58394 |  53453 |   4941 |   4586 |  37273 |  50 | 1167.9 |
       Dungeon |  17076 |  14608 |   2468 |    744 |  11097 |  15 | 1138.4 |
        Temple |    100 |      3 |     97 |      0 |      0 |   1 |  100.0 |
          Lair |   7418 |   6842 |    576 |      0 |   5859 |   5 | 1483.6 |
        Shoals |   5162 |   5008 |    154 |    183 |   3683 |   4 | 1290.5 |
     Snake Pit |   5751 |   5431 |    320 |    165 |   4039 |   4 | 1437.8 |
    Slime Pits |   4598 |   4395 |    203 |   1103 |   2337 |   5 |  919.6 |
  Orcish Mines |   2558 |   2168 |    390 |    394 |   1290 |   2 | 1279.0 |
   Elven Halls |   6528 |   6197 |    331 |    965 |   3796 |   3 | 2176.0 |
        Depths |   8129 |   7730 |    399 |   1029 |   4806 |   4 | 2032.2 |
         Abyss |    364 |    364 |      0 |      0 |      0 |   5 |   72.8 |
         Sewer |    458 |    458 |      0 |      0 |    258 |   1 |  458.0 |
       Ossuary |    246 |    246 |      0 |      0 |    106 |   1 |  246.0 |
               +--------+--------+--------+--------+--------+-----+--------+

Top non-repeatable levels by time:
   Elf:3: 3185 daAuts
    D:15: 2821 daAuts
    D:13: 2467 daAuts
Depths:3: 2244 daAuts
Depths:1: 2145 daAuts
 Snake:2: 2038 daAuts
Depths:2: 1871 daAuts
Depths:4: 1868 daAuts
   Elf:2: 1780 daAuts
    D:12: 1780 daAuts
  Lair:5: 1765 daAuts
  Lair:4: 1570 daAuts
   Elf:1: 1563 daAuts
  Lair:2: 1417 daAuts
    D:14: 1413 daAuts

Table legend:
 A = Kills in this place as a percentage of kills in the entire game.
 B = Kills by you in this place as a percentage of kills by you in the entire game.
 C = Kills by friends in this place as a percentage of kills by friends in the entire game.
 D = Other kills in this place as a percentage of other kills in the entire game.
 E = Experience gained in this place as a percentage of experience gained in the entire game.
 F = Experience gained in this place divided by the number of levels of this place that you have seen.
                   A       B       C       D       E      F
               +-------+-------+-------+-------+-------+----------------------
         Total | 100.0 | 100.0 |   N/A | 100.0 | 100.0 | 15155.1
       Dungeon |  23.6 |  23.7 |   N/A |  15.4 |   9.9 | 5007.5
          Lair |  10.6 |  10.7 |   N/A |   0.0 |   6.6 | 10064.0
        Shoals |   9.7 |   9.8 |   N/A |   0.0 |  10.4 | 19785.0
     Snake Pit |   9.8 |   9.9 |   N/A |   0.0 |  10.6 | 20141.0
    Slime Pits |   9.4 |   9.3 |   N/A |  15.4 |  12.6 | 19097.0
  Orcish Mines |   6.2 |   6.3 |   N/A |   0.0 |   3.1 | 11656.0
   Elven Halls |   9.7 |   9.4 |   N/A |  46.2 |  14.4 | 36451.7
        Depths |  14.3 |  14.3 |   N/A |  15.4 |  28.7 | 54360.8
         Abyss |   2.5 |   2.4 |   N/A |   7.7 |   3.5 | 5281.8
         Sewer |   1.6 |   1.6 |   N/A |   0.0 |   0.0 | 244.0
       Ossuary |   2.6 |   2.6 |   N/A |   0.0 |   0.0 | 369.0
               +-------+-------+-------+-------+-------+----------------------
